 Dungeon Crawl Stone Soup version 0.31.0-11-ge490571c62 (webtiles) character file.

Game seed: 8050355646971121011

2815 Ashen the Ruffian (level 9, 0/85 HPs)
             Began as a Troll Shapeshifter on Jan 26, 2024.
             Was an Initiate of Ashenzari.
             Succumbed to a gnoll sergeant's poison
             ... on level 7 of the Dungeon.
             The game lasted 00:15:05 (4580 turns).

Ashen the Ruffian (Troll Shapeshifter)              Turns: 4580, Time: 00:15:05

Health: 0/85       AC:  2    Str: 24    XL:     9   Next: 44%
Magic:  8/8        EV: 16    Int:  6    God:    Ashenzari [......]
Gold:   387        SH:  0    Dex: 13    Spells: 8/8 levels left

rFire   + .          .
                       - Unarmed
rCold   + . .        (shield currently unavailable)
rNeg    . . .        a - melded +0 animal skin
rPois   .            (helmet restricted)
rElec   .            y - scarf "I Foresaw This" {rC+ rF+, Melee, Cun} (curse)
rCorr   .            (gloves unavailable)
SInv    .            (boots unavailable)
Will    .....        k - amulet of regeneration
Stlth   +            (no ring)
HPRegen 1.94/turn    (no ring)
MPRegen 0.11/turn

%: no passive effects
@: lethally poisoned (0 -> 0), flux-form, weakened, glowing
A: glow, contaminating, reduced hp, large, unfitting armour, claws 3,
regeneration 1, shaggy fur 1, tough skin 1
a: Begin Untransformation, Renounce Religion, Curse Item, Shatter the Chains


You were on level 7 of the Dungeon.
You worshipped Ashenzari.
Ashenzari was noncommittal.
You were something dangerously unstable.
You visited 2 branches of the dungeon, and saw 8 of its levels.

You collected 387 gold pieces.

Inventory:

Armour
 a - a +0 animal skin (melded)
 y - the cursed scarf "I Foresaw This" (worn) {rC+ rF+, Melee, Cun}
   (You found it on level 6 of the Dungeon)

   It has a curse which improves the following skills: Melee Combat: Short
   Blades, Long Blades, Axes, Maces & Flails, Polearms, Staves and Unarmed
   Combat.
   Cunning:   Dodging and Stealth.
 A - a scarf of resistance
Jewellery
 h - an amulet of reflection
 k - an amulet of regeneration (around neck)
Talismans
 c - a beast talisman
 d - a flux talisman (active)
 w - a serpent talisman
Wands
 r - a wand of polymorph (10)
 t - a wand of iceblast (2)
 u - a wand of paralysis (10)
 v - a wand of digging (8)
 B - a wand of quicksilver (1)
Scrolls
 e - 8 scrolls of identify {unknown}
 g - a scroll of vulnerability {unknown}
 j - a scroll of noise {unknown}
 m - a scroll of immolation {unknown}
 n - 2 scrolls of fog {unknown}
 p - 3 scrolls of teleportation {unknown}
 C - a scroll of fear {unknown}
 D - a scroll of blinking {unknown}
Potions
 b - 3 potions of lignification
 f - 2 potions of enlightenment {unknown}
 i - 4 potions of curing {unknown}
 l - a potion of ambrosia {unknown}
 o - 2 potions of cancellation {unknown}
 q - 2 potions of berserk rage {unknown}
 s - a potion of mutation {unknown}
 x - 3 potions of haste {unknown}
 z - a potion of resistance {unknown}


   Skills:
 + Level 5.5 Fighting
 + Level 5.6(6.0) Dodging
 + Level 7.1(7.5) Unarmed Combat
 + Level 6.7 Shapeshifting


You had 8 spell levels left.
You didn't know any spells.
Your spell library contained the following spells:

 Spells                   Type           Power      Damage    Failure   Level
 Foxfire                  Conj/Fire      0%         2x1d4     45%         1
 Blink                    Tloc           0%         N/A       58%         2
 Gell's Gravitas          Tloc           0%         N/A       83%         3
 Inner Flame              Hex/Fire       0%         N/A       83%         3
 Teleport Other           Tloc           0%         N/A       83%         3
 Vampiric Draining        Necr           0%         2d6       83%         3
 Volatile Blastmotes      Fire/Tloc      0%         2d10      83%         3
 Anguish                  Hex/Necr       0%         N/A       99%         4
 Petrify                  Alch/Erth      0%         N/A       99%         4
 Yara's Violent Unravell  Hex/Alch       0%         3d3       100%        5
 Dispersal                Tloc           0%         N/A       100%        6


Dungeon Overview and Level Annotations

Branches:
Dungeon (7/15)             Temple (1/1) D:5

Altars:
Ashenzari
Cheibriados
Elyvilon
Fedhas
Kikubaaqudgha
Makhleb
Nemelex Xobeh
Okawaru
Ru
Sif Muna
Trog
Uskayaw
Vehumet
Wu Jian
Xom
Yredelemnul
Zin
The Shining One

Shops:
D:3 (

Annotations:
D:7 1 transporter, Domino's ghost, novice MiFi


Innate Abilities, Weirdness & Mutations

You are something dangerously unstable.
You glow with magical radiation, making you easy to see and hit.
Foes you strike become dangerously contaminated with magical radiation.
Your maximum health is decreased, since you lack skill for your form.
You are incapable of wielding weapons or throwing items.
You are too large for most types of armour.
You have claws for hands.
Your natural rate of healing is unusually fast.
You are covered in fur. (AC +1)
You have tough skin. (AC +1)


Message History

The gnoll sergeant shouts!
You hear a shout!
The gnoll sergeant shouts!
The gnoll sergeant shouts!
You hear a shout! x2
There is a transporter here.
You enter the transporter and appear at another place.
A gnoll comes into view.
It is wielding a +2 vampiric spear and quivering a throwing net.
The gnoll shouts!
Domino's ghost turns its malevolent gaze towards you.
The gnoll shouts! x2
The gnoll sergeant hits you with the +8 trident of Calamity {venom, Stlth+}!
You are poisoned.
You feel sick.
The gnoll shouts!
The gnoll hits you from afar with a +0 spear.
The gnoll sergeant misses you.
You feel sick.
The gnoll hits you from afar with a +0 spear.
The gnoll sergeant attacks as it pursues you!
The gnoll sergeant hits you from afar with the +8 trident of Calamity {venom, Stlth+}!!
You are more poisoned.
There is an open translucent door, spattered with blood here.
You feel extremely sick.
You feel very sick.
You feel very sick.
You feel very sick.
The gnoll hits you from afar with a +2 vampiric spear.
* * * LOW HITPOINT WARNING * * *
You feel very sick. The gnoll misses you. Domino's ghost hits you!!
* * * LOW HITPOINT WARNING * * *
* * * LOW HITPOINT WARNING * * *
You feel sick.
The gnoll bouda barks out a call to the hunt!
The gnolls pick up the pace!
* * * LOW HITPOINT WARNING * * *
You feel sick.
The gnoll bouda gazes fiercely through you!
You feel your attacks grow feeble.
Okay, then.
You die...

.......................#.#
≈≈≈≈≈≈≈≈≈~≈≈≈≈≈≈≈≈≈≈≈≈.#.#
≈≈≈≈≈≈≈≈≈~≈≈≈≈≈≈≈≈≈≈≈≈.#.#
####...........#####≈≈.#.#
g#W#.###.©.###.#.#.#≈≈.#.#
...###.#####.###...#≈≈.#.#
##.......g.g.g.W.###≈≈.#.#
8#.######g###g##.#8.≈≈.#.#
##. #8..#.gg#p##.≈≈.#.# #..
#⌠©.g...'..#.~~.#.# ##.#.
#8..#...#.##.≈≈.#.#
8#.######'###'##.#8.≈≈.#.##
##...............###≈≈....#
...###g#####©###...#≈≈..#.#
g#g#.###.©.###.#.#g#≈≈..#.#
####...........#####≈≈..#.##
≈≈≈≈≈≈≈≈...≈≈≈≈≈≈≈≈≈≈≈.>...#


You could see Domino's ghost and a gnoll (swift).

Vanquished Creatures
  2 water moccasins (D:7)
  4 black bears
  An orc warrior (D:7)
  A sky beast (D:5)
  An ice beast (D:5)
  An ogre (D:4)
  A centaur (D:5)
  Blork the orc (D:4)
  A bullfrog (D:7)
  3 scorpions
  7 wights (D:7)
  3 howler monkeys
  2 hounds
  3 bombardier beetles
  5 orc priests
  A jelly (D:6)
  2 sleepcaps
  Crazy Yiuf (D:5)
  4 iguanas
  7 orc wizards
  4 gnolls (D:4)
  8 adders
  A shadow imp (D:6)
  4 white imps
  6 ufetubi
  2 dart slugs
  5 ribbon worms
  41 orcs
  5 bats
  5 endoplasms
  4 giant cockroaches
  8 goblins
  3 hobgoblins
  5 jackals (D:1)
  2 quokkas
  6 ball pythons
  2 frilled lizards
  5 kobolds
  8 rats
175 creatures vanquished.

Notes
Turn   | Place    | Note
-------+----------+-------------------------------------------
     0 | D:1      | Ashen the Troll Shapeshifter began the quest for the Orb.
     0 | D:1      | Reached XP level 1. HP: 18/18 MP: 0/0
    43 | D:1      | Reached skill level 1 in Fighting
   154 | D:1      | Reached XP level 2. HP: 27/27 MP: 1/1
   353 | D:1      | Got the Quarto of Charnel Position
   506 | D:1      | Reached XP level 3. HP: 33/33 MP: 2/2
   939 | D:2      | Reached XP level 4. HP: 42/42 MP: 3/3
  1118 | D:3      | Identified the +9 whip "Weadedag" {flame, rPois Will-
                  | Dex+3}
  1335 | D:3      | Reached XP level 5. HP: 49/49 MP: 4/4
  1346 | D:3      | Found Qaiboi Mymoe's Antique Weapon Boutique.
  1453 | D:3      | Found a glowing silver altar of Zin.
  1497 | D:3      | Found a bloodstained altar of Trog.
  1596 | D:4      | Reached skill level 4 in Unarmed Combat
  1676 | D:4      | Reached XP level 6. HP: 52/59 MP: 5/5
  1782 | D:4      | Noticed Blork the orc
  1793 | D:4      | Killed Blork the orc
  2047 | D:4      | Reached XP level 7. HP: 32/67 MP: 6/6
  2324 | D:5      | Entered Level 5 of the Dungeon
  2367 | D:5      | Reached skill level 5 in Unarmed Combat
  2391 | D:5      | Reached skill level 5 in Shapeshifting
  2407 | D:5      | Reached XP level 8. HP: 62/78 MP: 7/7
  2433 | D:5      | Found a staircase to the Ecumenical Temple.
  2440 | Temple   | Entered the Ecumenical Temple
  2446 | Temple   | Became a worshipper of Ashenzari the Shackled
  2609 | D:5      | Got the Dissertation on Causimancy and the Beaker
  3116 | D:5      | Found a runed translucent door.
  3117 | D:5      | Noticed Crazy Yiuf
  3123 | D:5      | Killed Crazy Yiuf
  3321 | D:6      | Reached skill level 6 in Unarmed Combat
  3684 | D:6      | Reached skill level 5 in Dodging
  3828 | D:7      | Reached XP level 9. HP: 77/87 MP: 8/8
  3833 | D:7      | Reached skill level 5 in Fighting
  3856 | D:7      | HP: 1/65 [wight/+0 spear (8)]
  4011 | D:7      | Found a transporter.
  4017 | D:7      | Found a transporter.
  4122 | D:7      | Reached skill level 7 in Unarmed Combat
  4314 | D:7      | Noticed Domino's ghost (novice MiFi)
  4332 | D:7      | Identified the ring of Cylev {rPois rF+ rCorr MP+9 Stlth+}
  4568 | D:7      | Identified the +8 trident of Calamity {venom, Stlth+}
  4568 | D:7      | Identified the +5 buckler of the Terrible God {^Drain rElec
                  | Dex+4 Stlth+}
  4577 | D:7      | HP: 1/85 [Domino's ghost (21)]
  4580 | D:7      | Succumbed to a gnoll sergeant's poison

Illustrated notes

Levels and vault maps discovered:
D:1:      psy_arrival_dodecagon, layout_loops_ring
D:2:      layout_basic
D:3:      layout_basic, zin_academy, general_overflow_altar, serial_shops,
          nicolae_shop_temple_entry_statues_fountains
D:4:      layout_loops_ring, nicolae_wormholes, uniq_blork_the_orc
D:5:      layout_basic, minmay_temple_entry_fiery, serial_bayou_pond_c,
          dk_vineyard_1, uniq_crazy_yiuf_cottage
D:6:      layout_basic, st_stairs_8
D:7:      layout_basic, gammafunk_ghost_gnarly_gnolls
Temple:   kb_temple_of_zot

Skill      XL: |  1  2  3  4  5  6  7  8  9 |
---------------+----------------------------+-----
Fighting       | 1 2 3 4 5 |  5.5
Dodging        | 2 3 4 5 |  5.6
Unarmed Combat | 4 5 6 7 |  7.1
Shapeshifting  | 4 5 6 |  6.7

Action                     |  1- 3 |  4- 6 |  7- 9 || total
---------------------------+-------+-------+-------++-------
  Melee: Unarmed           |    94 |   129 |   280 ||   503
         Punch             |       |     4 |     4 ||     8
 Invoke: Curse Item        |       |       |     1 ||     1
Ability: Begin Untransform |     1 |       |       ||     1
  Evoke: Wand              |       |       |     2 ||     2
   Stab: Sleeping          |     1 |       |       ||     1
 Armour: Animal skin       |    71 |    77 |    46 ||   194
         Skin              |       |       |   134 ||   134
  Dodge: Dodged            |    49 |    44 |   225 ||   318
   Form: Beast             |     1 |       |       ||     1
         Flux              |       |       |     1 ||     1
